Match 33012250
Unlisted

Match 33012250
End
Kradschützen Motorcycle Team
Panzergrenadier Squad
Panzergrenadier Squad
Construct Light Support Kompanie
Fire Support Elements
2.5-tonne Medical Truck
Flakvierling Half-track
le.IG 18 Mechanized Group
Selects Armored Support Battlegroup
Selects Vehicle Awareness
Veteran Squad Leaders
Panzergrenadier Squad
Construct Panzerarmee Kommand
Combat Half-tracks
Selects Panzer Storm
Panzer III L Medium Tank
Walking Stuka Rocket Launcher
Armored Reserves
Flak 36 Anti-tank Gun Team
Selects Stuka Anti-tank Loiter
Stuka Anti-tank Loiter
Pak 38 Anti-tank Gun Team
Selects Veteran Gunners
Stuka Anti-tank Loiter
Selects Veteran Gunners
Selects Flammpanzer III Medium Tank
Tiger Heavy Tank
Vehicle Survival Package
Tungsten Core Ammunition
Selects Command Panzer IV F Medium Tank
Stuka Anti-tank Loiter
Command Panzer IV F Medium Tank
Emergency Repair Kits
Grimauldus
Catboy Supremacy
Bradders
cobra delta
Fredsch
Tango
Turtleboy
LegendaireNic
0
0

Comments sign in to comment!

No comments posted yet!